 Dungeon Crawl Stone Soup version 0.26-a0-1147-g3780a7a11b (webtiles) character file.

Game seed: 14164901437257459638

661 voltaire321 the Insei (level 7, -1/46 HPs)
             Began as an Octopode Transmuter on Dec 22, 2020.
             Was a Follower of Makhleb.
             Succumbed to Duvessa's poison
             ... on level 5 of the Dungeon.
             The game lasted 00:16:23 (5137 turns).

voltaire321 the Insei (Octopode Transmuter)         Turns: 5137, Time: 00:16:23

Health: -1/46      AC:  1    Str:  9    XL:     7   Next: 56%
Magic:  12/12      EV: 15    Int: 15    God:    Makhleb [*.....]
Gold:   175        SH:  5    Dex: 15    Spells: 6/12 levels left

rFire    . . .     SeeInvis .     - Unarmed
rCold    . . .     Faith    .   (no shield)
rNeg     . . .     Spirit   .   (helmet currently unavailable)
rPois    .         Reflect  +   q - amulet of reflection
rElec    .         Harm     .   (no ring)
rCorr    .         Rampage  .   (no ring)
Will     .....                  (no ring)
Stlth    ++........             (no ring)
HPRegen  0.15/turn              (no ring)
MPRegen  0.13/turn              (no ring)
                                (no ring)
                                (no ring)

@: lethally poisoned (-1 -> -38), appendages (expiring)
A: almost no armour, stealthy swim, amphibious, 8 rings, constrict 8, tentacle
spike 3, camouflage 1, gelatinous body 1
a: End Transformation, Renounce Religion


You were on level 5 of the Dungeon.
You worshipped Makhleb.
Makhleb was aware of your devotion.
One of your tentacles had a temporary spike.
You visited 1 branch of the dungeon, and saw 5 of its levels.

You collected 280 gold pieces.
You spent 105 gold pieces at shops.

Inventory:

Missiles
 a - 40 poisoned darts (quivered)
Jewellery
 q - an amulet of reflection (around mantle)
Wands
 n - a wand of flame (28)
 o - a wand of polymorph (13)
 s - a wand of disintegration (11)
Scrolls
 b - a scroll of enchant armour
 e - 4 scrolls of remove curse
 f - 3 scrolls of amnesia
 h - 2 scrolls of immolation
 i - a scroll of enchant weapon {unknown}
 k - a scroll of noise {unknown}
 m - a scroll of teleportation
 p - a scroll of random uselessness {unknown}
 r - 3 scrolls of fear
 u - a scroll of blinking
Potions
 c - 4 potions of curing
 d - a potion of degeneration {unknown}
 g - a potion of berserk rage {unknown}
 j - 3 potions of mutation
 t - a potion of resistance {unknown}
 v - a potion of heal wounds {unknown}
 w - a potion of flight {unknown}


   Skills:
 + Level 3.1 Fighting
 + Level 3.5 Dodging
 + Level 4.1 Unarmed Combat
 + Level 3.3 Spellcasting
 + Level 3.6 Transmutations
 * Level 3.6 Poison Magic
 + Level 2.3 Invocations


You had 6 spell levels left.
You knew the following spells:

 Your Spells              Type           Power        Failure   Level
a - Beastly Appendage     Tmut           26%          4%          1
b - Wereblood             Tmut           13%          7%          2
c - Spider Form           Tmut/Pois      6%           13%         3

Your spell library contained the following spells:

 Spells                   Type           Power        Failure   Level
 Ice Form                 Ice/Tmut       7%           67%         4
 Blade Hands              Tmut           6%           77%         5


Dungeon Overview and Level Annotations

Branches:
Dungeon (5/15)
 Temple: D:4-7

Altars:
Makhleb
Trog

Shops:
D:4 ?

Annotations:
D:5 Dowan


Innate Abilities, Weirdness & Mutations

You cannot wear most types of armour.
You are very stealthy in the water. (Stealth+)
You are amphibious.
You can wear up to eight rings at the same time.
You can use your tentacles to constrict eight enemies at once.
Your skin changes colour to match your surroundings (Stealth+).
Your rubbery body absorbs attacks. (AC +1, EV +1)
One of your tentacles bears a large vicious spike.


Message History

Duvessa is almost dead.
You constrict Duvessa, but do no damage.
* * * LOW HITPOINT WARNING * * *
You feel sick. You block Duvessa's attack.
You tentacle-slap Duvessa but do no damage.
Duvessa is almost dead.
You constrict Duvessa.
* * * LOW HITPOINT WARNING * * *
You feel sick.
Duvessa hits you with a +0 short sword of venom!
* * * LOW HITPOINT WARNING * * *
You are more poisoned.
Dowan shouts!
You tentacle-slap Duvessa but do no damage.
You pierce Duvessa.
You kill Duvessa!
Makhleb accepts your kill.
Dowan screams, "No!
No!"
Dowan seems to find hidden reserves of power!
You die...

##..# ########...## #...#
##.....#8...8#
##...###.....###...##
#............###...#
##....#........##...##
##...###........#8...8# .#
#..### ##.###..###...## #..
##.# #.####.)##...###... #.#
#..# #.@###..#..# #.##
##.###..###....# ##.#
###..##...#....##
####.####...<.........#####.
......##.............###....
###.......................#
##..#......#####...e...##
#..##....###
##........###....
##.####..##
##....####........


You could see Dowan (fast).

Vanquished Creatures
  Eustachio (D:4)
  Duvessa (D:5)
  An ogre (D:5)
  A water moccasin zombie (D:5)
  A bullfrog skeleton (D:5)
  Jessica (D:3)
  Natasha (thrice) (D:3)
  2 orc wizards (D:3)
  Terence (D:3)
  A mummy (D:4)
  A howler monkey skeleton (D:5)
  7 adders
  A white imp (D:5)
  An ooze (D:3)
  2 worms (D:3)
  A dart slug (D:4)
  2 leopard geckos
  6 orcs
  7 bats
  2 giant cockroaches
  5 hobgoblins
  10 jackals
  4 kobolds
  2 ball pythons
  3 frilled lizards
  6 goblins
  2 hobgoblin zombies (D:4)
  2 kobold zombies (D:4)
  10 rats
87 creatures vanquished.

Notes
Turn   | Place    | Note
-------+----------+-------------------------------------------
     0 | D:1      | voltaire321 the Octopode Transmuter began the quest for the
                  | Orb.
     0 | D:1      | Reached XP level 1. HP: 13/13 MP: 3/3
   144 | D:1      | Reached XP level 2. HP: 14/18 MP: 5/5
   477 | D:1      | Learned a level 2 spell: Wereblood
   724 | D:1      | Reached XP level 3. HP: 19/23 MP: 4/6
   931 | D:2      | Found a bloodstained altar of Trog.
   980 | D:2      | Found a faded altar of an unknown god.
  1263 | D:2      | Found a burning altar of Makhleb.
  1272 | D:2      | Became a worshipper of Makhleb the Destroyer
  1638 | D:3      | Reached XP level 4. HP: 29/29 MP: 5/7
  2159 | D:3      | Noticed Natasha
  2167 | D:3      | Killed Natasha
  2287 | D:3      | Reached skill level 1 in Invocations
  2287 | D:3      | Reached XP level 5. HP: 34/34 MP: 6/8
  2297 | D:3      | Learned a level 3 spell: Spider Form
  2450 | D:3      | Noticed Terence
  2456 | D:3      | Noticed Jessica
  2466 | D:3      | Killed Terence
  2467 | D:3      | Killed Jessica
  2468 | D:3      | Reached skill level 1 in Poison Magic
  2516 | D:3      | Noticed Natasha
  2524 | D:3      | Killed Natasha
  2688 | D:3      | Reached XP level 6. HP: 39/41 MP: 8/10
  2786 | D:3      | Reached * piety under Makhleb
  3230 | D:3      | Noticed Natasha
  3235 | D:3      | Killed Natasha
  3566 | D:4      | Noticed Eustachio
  3578 | D:4      | Killed Eustachio
  3584 | D:4      | Reached XP level 7. HP: 22/45 MP: 11/11
  4144 | D:4      | Found Kikal's Magic Scroll Shop.
  4152 | D:4      | Bought a scroll of blinking for 105 gold pieces
  4407 | D:5      | Entered Level 5 of the Dungeon
  4505 | D:5      | Reached skill level 4 in Unarmed Combat
  4793 | D:5      | Noticed Duvessa
  4805 | D:5      | Noticed Dowan
  4824 | D:5      | HP: 2/46 [poisoned by Duvessa]
  5136 | D:5      | HP: 2/46 [Duvessa/+0 short sword of venom (8)]
  5137 | D:5      | Killed Duvessa
  5137 | D:5      | Succumbed to Duvessa's poison

Illustrated notes

Levels and vault maps discovered:
D:1:      erik_arrival_orb_chamber, layout_loops_ring
D:2:      layout_rooms, marbit_many_paths, chequers_ecumenical_altar_island,
          roderic_serpentine_path, trog_three_pillars_becter
D:3:      layout_basic, uniq_natasha, uniq_terence, uniq_jessica
D:4:      layout_loops_corners, serial_shops, nicolae_shop_statue_plus,
          minmay_mini_ossuary, uniq_eustachio
D:5:      layout_layer_cave, fiery_altar_vehumet, serial_shops, shop_fountains,
          corexii_hall_statues_x, minmay_bent, uniq_pikel, uniq_duvessa,
          uniq_menkaure

Skill      XL: |  1  2  3  4  5  6  7 |
---------------+----------------------+-----
Fighting       | 2 3 |  3.1
Invocations    | 1 2 |  2.3
Poison Magic   | 1 2 3 |  3.6
Transmutations | 3 |  3.6
Dodging        | 3 |  3.5
Spellcasting   | 3 |  3.3
Unarmed Combat | 4 |  4.1

Action                   |  1- 3 |  4- 6 |  7- 9 || total
-------------------------+-------+-------+-------++-------
Melee: Unarmed           |    73 |    97 |    64 ||   234
       Constrict         |    21 |    26 |    13 ||    60
       Kick              |    15 |    19 |    24 ||    58
       Tentacles         |    11 |    22 |    16 ||    49
       Punch             |     1 |     2 |     3 ||     6
Throw: Dart              |     1 |    16 |     2 ||    19
 Cast: Beastly Appendage |    23 |    22 |     9 ||    54
  Use: Scroll            |     4 |     2 |     4 ||    10
 Stab: Sleeping          |     5 |     4 |       ||     9
Armor: Skin              |     8 |     5 |     1 ||    14
Dodge: Dodged            |    50 |    67 |    22 ||   139
Block: Other             |       |       |     6 ||     6

Table legend: (Time is in decaauts)
 A = Elapsed time spent in this place.
 B = Non-inter-level travel time spent in this place.
 C = Inter-level travel time spent in this place.
 D = Time resting spent in this place.
 E = Time spent auto-exploring this place.
 F = Levels seen in this place.
 G = Mean time per level.
                   A        B        C        D        E       F      G
               +--------+--------+--------+--------+--------+-----+--------+
         Total |   5130 |   5045 |     85 |   1348 |   2567 |   5 | 1026.0 |
       Dungeon |   5130 |   5045 |     85 |   1348 |   2567 |   5 | 1026.0 |
               +--------+--------+--------+--------+--------+-----+--------+

Top non-repeatable levels by time:
     D:3: 1797 daAuts
     D:4: 1197 daAuts
     D:1: 897 daAuts
     D:2: 701 daAuts
     D:5: 536 daAuts
